 Dungeon Crawl Stone Soup version 0.31-a0-986-g5e6e4ef867 (webtiles) character file.

Game seed: 13875405879664600517

2376 skwerlee the Cleaver (level 9, 0/59 HPs)
             Began as a Gargoyle Berserker on Nov 4, 2023.
             Was a Priest of Trog.
             Slain by a boulder beetle (7 damage)
             ... on level 7 of the Dungeon.
             The game lasted 00:06:38 (6175 turns).

skwerlee the Cleaver (Gargoyle Berserker)           Turns: 6175, Time: 00:06:38

Health: 0/59       AC: 18    Str: 25    XL:     9   Next: 45%
Magic:  0/9        EV: 11    Int:  8    God:    Trog [***...]
Gold:   645        SH:  0    Dex:  9    Spells: 8/8 levels left

rFire   . . .        k - +4 hand axe
rCold   . . .        (no shield)
rNeg    + . .        l - +0 ring mail
rPois   ∞            j - +0 helmet
rElec   +            (no cloak)
rCorr   .            (no gloves)
SInv    .            d - +0 pair of boots
Will    .....        e - amulet of guardian spirit
Stlth   +            x - +4 ring of protection
HPRegen 0.29/turn    (no ring)
MPRegen 0.11/turn

%: guardian spirit
@: no status effects
A: sickness immunity, AC +6, negative energy resistance 1, electricity
resistance, torment resistance 1, petrification resistance
a: Renounce Religion, Berserk, Trog's Hand


You were on level 7 of the Dungeon.
You worshipped Trog.
Trog was most pleased with you.
You visited 1 branch of the dungeon, and saw 7 of its levels.
You also visited: Ossuary.

You collected 645 gold pieces.

Inventory:

Hand Weapons
 k - a +4 hand axe (weapon)
Armour
 d - a +0 pair of boots (worn)
 j - a +0 helmet (worn)
 l - a +0 ring mail (worn)
Jewellery
 e - an amulet of guardian spirit (around neck)
 x - a +4 ring of protection (left hand)
 y - a ring of ice
 z - a ring of flight
Wands
 q - a wand of paralysis (7)
Scrolls
 b - 3 scrolls of enchant weapon {unknown}
 c - 4 scrolls of teleportation
 g - a scroll of brand weapon {unknown}
 h - 2 scrolls of noise
 i - a scroll of immolation {unknown}
 m - a scroll of poison {unknown}
 n - 2 scrolls of vulnerability {unknown}
 p - a scroll of revelation {unknown}
 r - 3 scrolls of identify
 s - 2 scrolls of blinking {unknown}
 t - a scroll of fog {unknown}
 v - a scroll of amnesia {unknown}
 w - a scroll of fear {unknown}
Potions
 a - 2 potions of haste
 o - a potion of attraction {unknown}
 u - a potion of cancellation {unknown}
 A - a potion of enlightenment {unknown}
 B - a potion of degeneration {unknown}
 C - a potion of resistance {unknown}


   Skills:
 + Level 7.8 Fighting
 + Level 9.7 Axes
 - Level 2.2 Armour
 - Level 1.5 Dodging
 + Level 3.1 Stealth


You had 8 spell levels left.
You didn't know any spells.
Your spell library was empty.

Dungeon Overview and Level Annotations

Branches:
Dungeon (7/15)            Ossuary (visited)
 Temple: D:4-7

Altars:
Elyvilon
Nemelex Xobeh
Trog

Shops:
D:2 :


Innate Abilities, Weirdness & Mutations

You are immune to sickness and miasma.
Your stone body is resilient. (AC +6)
You are immune to poison.
You resist negative energy. (rN+)
You are resistant to electric shocks. (rElec)
You are resistant to unholy torment.
You are immune to petrification.


Message History

A boulder beetle is nearby!
You hit the boulder beetle.
You punch the boulder beetle, but do no damage.
The boulder beetle is severely wounded.
The boulder beetle bites you but does no damage.
You hit the boulder beetle.
The boulder beetle is severely wounded.
The boulder beetle bites you but does no damage.
You hit the boulder beetle.
The boulder beetle is almost dead.
The boulder beetle barely misses you.
You barely miss the boulder beetle.
The boulder beetle is severely wounded.
The boulder beetle bites you but does no damage.
You hit the boulder beetle but do no damage.
The boulder beetle is severely wounded.
You recover from your berserk rage.
The boulder beetle bites you!
You hit the boulder beetle but do no damage.
The boulder beetle is severely wounded.
You hit the boulder beetle but do no damage.
The boulder beetle is severely wounded.
The boulder beetle bites you!
* * * LOW HITPOINT WARNING * * *
You hit the boulder beetle but do no damage.
The boulder beetle is severely wounded.
The boulder beetle leaps!
The boulder beetle curls into a ball and begins rolling!
The boulder beetle hits you.
* * * LOW HITPOINT WARNING * * *
The boulder beetle stops rolling and uncurls.
You hit the boulder beetle but do no damage.
The boulder beetle is severely wounded.
The boulder beetle bites you but does no damage.
You hit the boulder beetle.
The boulder beetle is severely wounded.
You hit the boulder beetle.
The boulder beetle is severely wounded.
The boulder beetle bites you!
You die...

#......<...##
#...##.....###
#............#
##.......###
##.....##.#
#.####..##...###
♣......#....#
#.####..###.##
#@###..##.#
##B###.##.#
##....##.#
#.......#
#..###### ....##
....### .....
.#..


You could see a boulder beetle.

Vanquished Creatures
  Pikel (D:4)
  Grinder (D:4)
  Menkaure (D:4)
  Edmund (D:6)
  3 sky beasts
  A black bear (D:4)
  An ice beast (D:6)
  An ogre (D:4)
  A lemure (D:4)
  A bullfrog (D:7)
  A scorpion (D:5)
  A human zombie (Ossuary)
  A centaur zombie (Ossuary)
  6 hounds
  3 jellies
  4 orc priests
  5 iguanas
  5 orc wizards
  2 mummies (Ossuary)
  3 adders
  A dart slug (D:5)
  18 orcs
  4 endoplasms
  2 giant cockroaches
  2 gnoll zombies (Ossuary)
  4 goblins
  7 hobgoblins
  4 jackals (D:2)
  A quokka (D:3)
  4 ball pythons
  3 bats
  A frilled lizard (D:3)
  2 goblin zombies (Ossuary)
  4 hobgoblin zombies (Ossuary)
  2 kobolds
  4 orc zombies (Ossuary)
  4 rats
  A spectral kobold (D:3)
111 creatures vanquished.

Notes
Turn   | Place    | Note
-------+----------+-------------------------------------------
     0 | D:1      | skwerlee the Gargoyle Berserker began the quest for the
                  | Orb.
     0 | D:1      | Reached XP level 1. HP: 14/14 MP: 1/1
   167 | D:1      | Reached XP level 2. HP: 8/19 MP: 2/2
   412 | D:1      | Reached skill level 3 in Axes
   921 | D:2      | Reached XP level 3. HP: 16/24 MP: 3/3
   976 | D:2      | Found Bomanile's Book Shop.
  1466 | D:3      | Reached ** piety under Trog
  1639 | D:3      | Found a faded altar of an unknown god.
  1969 | D:4      | Reached skill level 1 in Stealth
  1969 | D:4      | Reached XP level 4. HP: 26/29 MP: 4/4
  1976 | D:4      | Reached skill level 4 in Axes
  2014 | D:4      | Reached XP level 5. HP: 34/34 MP: 5/5
  2073 | D:4      | Noticed a lemure
  2074 | D:4      | Noticed Pikel
  2075 | D:4      | Noticed a lemure
  2077 | D:4      | Noticed a lemure
  2077 | D:4      | Noticed a lemure
  2084 | D:4      | Killed a lemure
  2085 | D:4      | Killed Pikel
  2086 | D:4      | Reached skill level 5 in Fighting
  2086 | D:4      | Reached skill level 6 in Axes
  2086 | D:4      | Reached XP level 6. HP: 20/40 MP: 6/6
  2086 | D:4      | Reached XP level 7. HP: 22/44 MP: 7/7
  2225 | D:4      | Noticed Grinder
  2229 | D:4      | Paralysed by Grinder for 4 turns
  2238 | D:4      | Killed Grinder
  2239 | D:4      | Reached skill level 7 in Axes
  2239 | D:4      | Reached XP level 8. HP: 41/51 MP: 8/8
  2494 | D:4      | Noticed Menkaure
  2507 | D:4      | Killed Menkaure
  2637 | D:4      | Found a sand-covered staircase.
  2660 | Ossuary  | Entered an ossuary
  3466 | D:4      | Reached skill level 8 in Axes
  3730 | D:5      | Entered Level 5 of the Dungeon
  4030 | D:5      | Reached *** piety under Trog
  4117 | D:5      | Reached XP level 9. HP: 45/57 MP: 9/9
  4337 | D:5      | Found a white marble altar of Elyvilon.
  4337 | D:5      | Found a sparkling altar of Nemelex Xobeh.
  4753 | D:6      | Noticed Edmund
  4761 | D:6      | Killed Edmund
  4762 | D:6      | Reached skill level 9 in Axes
  4940 | D:6      | Found a bloodstained altar of Trog.
  6119 | D:7      | Noticed a boulder beetle
  6175 | D:7      | Slain by a boulder beetle

Illustrated notes

Levels and vault maps discovered:
D:1:      saegor_arrival_simple_d, layout_rooms,
          hangedman_abyss_or_decor_lesser_grid
D:2:      layout_loops_ring, serial_shops, nicolae_book_shop_shelving
D:3:      layout_loops_ring, dreamdust_ecumenical_altar_drowned_temple
D:4:      layout_cave_pods, mainiacjoe_ossuary_entry_dusty_tomb, uniq_menkaure,
          uniq_pikel, uniq_grinder
D:5:      layout_loops_ring, gammafunk_temple_overflow_pools, fountainhead
D:6:      layout_basic, lightli_temple_of_fire, serial_aquarium,
          aquarium_bridge_long_joined [aquarium_subvault_bridge,
          aquarium_subvault_window, aquarium_subvault_balcony,
          aquarium_subvault_bridge, aquarium_subvault_wall,
          aquarium_subvault_window], aquarium_bridge_square
          [aquarium_subvault_bridge, aquarium_subvault_window,
          aquarium_subvault_bridge, aquarium_subvault_bridge],
          aquarium_window_corridor_2, aquarium_window_1, aquarium_window_fake,
          aquarium_window_fake, aquarium_view_2b, aquarium_view_2a,
          aquarium_pool_2, uniq_edmund
D:7:      layout_cave_pools, minmay_temple_entry_poolview, kb_rosetta

Skill      XL: |  1  2  3  4  5  6  7  8  9 |
---------------+----------------------------+-----
Axes           | 3 4 6 7 8 9 |  9.7
Fighting       | 4 5 6 7 |  7.8
Stealth        | 1 2 3 |  3.1
Armour         | |  2.2
Dodging        | |  1.5

Action                     |  1- 3 |  4- 6 |  7- 9 || total
---------------------------+-------+-------+-------++-------
  Melee: Hand axe          |   114 |    32 |   285 ||   431
         Punch             |       |     1 |     7 ||     8
 Invoke: Berserk           |       |     2 |     2 ||     4
    Use: Scroll            |       |       |     4 ||     4
         Potion            |       |       |     1 ||     1
 Armour: Animal skin       |    26 |       |       ||    26
         Ring mail         |    48 |    29 |   173 ||   250
  Dodge: Dodged            |    80 |    22 |    89 ||   191

Table legend: (Time is in decaauts)
 A = Elapsed time spent in this place.
 B = Non-inter-level travel time spent in this place.
 C = Inter-level travel time spent in this place.
 D = Time resting spent in this place.
 E = Time spent auto-exploring this place.
 F = Levels seen in this place.
 G = Mean time per level.
                   A        B        C        D        E       F      G
               +--------+--------+--------+--------+--------+-----+--------+
         Total |   6191 |   6049 |    142 |   1368 |   3790 |   8 |  773.9 |
       Dungeon |   5696 |   5554 |    142 |   1020 |   3714 |   7 |  813.7 |
       Ossuary |    494 |    494 |      0 |    347 |     76 |   1 |  494.0 |
               +--------+--------+--------+--------+--------+-----+--------+

Top non-repeatable levels by time:
     D:4: 1294 daAuts
     D:6: 1228 daAuts
     D:5: 987 daAuts
     D:1: 836 daAuts
     D:2: 583 daAuts
     D:3: 563 daAuts
 Ossuary: 494 daAuts
     D:7: 202 daAuts
